 Dungeon Crawl Stone Soup version 0.30.0-10-gfe55d96785 (webtiles) character file.

Game seed: 3509756996148109724

22729 AlmostDecent the Cleaver (level 13, -2/111 HPs)
             Began as a Gnoll Reaver on May 15, 2023.
             Was an Elder of Ashenzari.
             Slain by an ice devil (15 damage)
             ... on level 2 of the Lair of Beasts.
             The game lasted 01:09:56 (14182 turns).

AlmostDecent the Cleaver (Gnoll Reaver)            Turns: 14182, Time: 01:09:57

Health: -2/111     AC: 12    Str: 14    XL:     13   Next: 2%
Magic:  39/39      EV: 14    Int: 27    God:    Ashenzari [****..]
Gold:   700        SH: 13    Dex: 11    Spells: 21/38 levels left

rFire   . . .        o - +8 hand axe of Gluttony {drain, Int+3}
rCold   . . .        b - +2 kite shield "Revealing Annoyance" {MP+9 Int+3, Self, Fort} (curse)
rNeg    . . .        O - +2 troll leather armour
rPois   +            r - +0 helmet of Panopticon {Bglg, Fort} (curse)
rElec   .            (no cloak)
rCorr   .            h - +0 pair of gloves "Burden of Ashenzari" {Self, Bglg} (curse)
SInv    +            p - +0 pair of boots of Ashenzari's Ennui {Alch, Cun} (curse)
Will    .....        M - amulet "Overhang to Understand" {RegenMP, Elem, Bglg} (curse)
Stlth   ++++         n - ring "Shackled With Me" {rPois, Cun, Melee} (curse)
HPRegen 1.18/turn    C - ring "Tethered Together" {Int+6, Alch, Self} (curse)
MPRegen 0.66/turn

%: clarity
@: mighty
A: fangs 1, strong nose, distributed training
a: Renounce Religion, Curse Item, Shatter the Chains


You were on level 2 of the Lair of Beasts.
You worshipped Ashenzari.
Ashenzari was greatly pleased with you.
You visited 3 branches of the dungeon, and saw 15 of its levels.
You also visited: Ice Cave.

You collected 700 gold pieces.

Inventory:

Hand Weapons
 f - a +0 morningstar of venom
 o - the +8 hand axe of Gluttony (weapon) {drain, Int+3}
   (You found it on level 3 of the Dungeon)

   Int:       It affects your intelligence (+3).
 w - a +1 heavy war axe
 z - a +0 war axe of freezing
 E - a +0 trident of protection
 L - a +3 war axe
 N - a +1 whip of venom
Missiles
 y - 5 throwing nets
Armour
 b - the cursed +2 kite shield "Revealing Annoyance" (worn) {MP+9 Int+3, Self, Fort}
   (You acquired it on level 11 of the Dungeon)

   Int:       It affects your intelligence (+3).
   MP:        It affects your magic capacity (+9).
   It has a curse which improves the following skills: Introspection: Fighting
   and Spellcasting.
   Fortitude: Armour and Shields.
 h - the cursed +0 pair of gloves "Burden of Ashenzari" (worn) {Self, Bglg}
   (You found it on level 1 of the Dungeon)

   It has a curse which improves the following skills: Introspection: Fighting
   and Spellcasting.
   Beguiling: Conjurations, Hexes and Translocations.
 p - the cursed +0 pair of boots of Ashenzari's Ennui (worn) {Alch, Cun}
   (You found it on level 3 of the Dungeon)

   It has a curse which improves the following skills: Alchemy: Poison Magic and
   Transmutations.
   Cunning:   Dodging and Stealth.
 r - the cursed +0 helmet of Panopticon (worn) {Bglg, Fort}
   (You found it on level 3 of the Dungeon)

   It has a curse which improves the following skills: Beguiling: Conjurations,
   Hexes and Translocations.
   Fortitude: Armour and Shields.
 t - a +1 ring mail of cold resistance
 O - a +2 troll leather armour (worn)
Jewellery
 n - the cursed ring "Shackled With Me" (left hand) {rPois, Cun, Melee}
   (You found it on level 2 of the Dungeon)

   [ring of poison resistance]

   rPois:     It protects you from poison.
   It has a curse which improves the following skills: Cunning: Dodging and
   Stealth.
   Melee Combat: Short Blades, Long Blades, Axes, Maces & Flails, Polearms,
   Staves and Unarmed Combat.
 x - a ring of fire
 C - the cursed ring "Tethered Together" (right hand) {Int+6, Alch, Self}
   (You found it on level 6 of the Dungeon)

   [ring of intelligence]

   Int:       It affects your intelligence (+6).
   It has a curse which improves the following skills: Alchemy: Poison Magic and
   Transmutations.
   Introspection: Fighting and Spellcasting.
 M - the cursed amulet "Overhang to Understand" (around neck) {RegenMP, Elem, Bglg}
   (You found it on level 10 of the Dungeon)

   [amulet of magic regeneration]

   It increases your rate of magic regeneration.
   It has a curse which improves the following skills: Elements: Fire Magic, Ice
   Magic, Air Magic and Earth Magic.
   Beguiling: Conjurations, Hexes and Translocations.
Wands
 c - a wand of charming (17)
 d - a wand of iceblast (6)
 l - a wand of flame (26)
 H - a wand of digging (5)
Scrolls
 g - 3 scrolls of poison
 i - 8 scrolls of enchant weapon
 m - a scroll of teleportation
 A - 6 scrolls of magic mapping
 I - a scroll of blinking
 J - a scroll of amnesia
Potions
 a - a potion of resistance
 e - a potion of flight
 j - 2 potions of cancellation
 k - 2 potions of haste
 q - 4 potions of mutation
 s - 2 potions of invisibility
 u - 4 potions of lignification
 v - 2 potions of curing
 B - a potion of might
 F - a potion of magic
 G - 3 potions of ambrosia
 K - 2 potions of brilliance


   Skills:
 + Level 9.4(13.0) Fighting
 + Level 8.1(10.0) Short Blades
 + Level 8.1(10.0) Long Blades
 + Level 10.5(12.3) Axes
 + Level 8.1(10.0) Maces & Flails
 + Level 8.1(10.0) Polearms
 + Level 8.1(10.0) Staves
 + Level 8.1 Ranged Weapons
 + Level 8.1 Throwing
 + Level 8.1(10.9) Armour
 + Level 9.4(12.1) Dodging
 + Level 8.1(10.9) Stealth
 + Level 8.1(10.9) Shields
 + Level 8.1(10.0) Unarmed Combat
 + Level 9.6(13.2) Spellcasting
 + Level 8.8(12.4) Conjurations
 + Level 6.7(10.3) Hexes
 + Level 6.7 Summonings
 + Level 6.7 Necromancy
 + Level 6.7(10.3) Translocations
 + Level 6.7(9.5) Transmutations
 + Level 6.7(8.6) Fire Magic
 + Level 6.7(8.6) Ice Magic
 + Level 6.7(8.6) Air Magic
 + Level 6.7(8.6) Earth Magic
 + Level 6.7(9.5) Poison Magic
 + Level 8.9 Invocations
 + Level 8.1 Evocations


You had 21 spell levels left.
You knew the following spells:

 Your Spells              Type           Power      Damage    Failure   Level
a - Kiss of Death         Conj/Necr      100%       2d13      1%          1
b - Magic Dart            Conj           100%       1d8       1%          1
c - Momentum Strike       Conj/Tloc      100%       3d10      1%          2
d - Hailstorm             Conj/Ice       65%        3d14      1%          3
e - Summon Guardian Gole  Hex/Summ       59%        N/A       1%          3
f - Mephitic Cloud        Conj/Pois/Air  64%        N/A       1%          3
g - Olgreb's Toxic Radia  Pois           62%        N/A       1%          4

Your spell library contained the following spells:

 Spells                   Type           Power      Damage    Failure   Level
 Sting                    Tmut/Pois      100%       1d8       1%          1
 Summon Small Mammal      Summ           100%       N/A       1%          1
 Call Imp                 Summ           100%       N/A       1%          2
 Poisonous Vapours        Pois/Air       100%       N/A       1%          2
 Sublimation of Blood     Necr           53%        N/A       1%          2
 Wereblood                Tmut           62%        N/A       1%          2
 Call Canine Familiar     Summ           53%        N/A       1%          3
 Summon Hydra             Summ           26%        N/A       99%         7


Dungeon Overview and Level Annotations

Branches:
Dungeon (12/15)            Temple (1/1) D:5            Lair (2/5) D:11
  Snake (0/4) Lair:2          Orc (0/2) D:12          IceCv (visited)
  Swamp: Lair:2-3    Shoals: Lair:2-3

Altars:
Ashenzari
Cheibriados
Dithmenos
Elyvilon
Fedhas
Gozag
Hepliaklqana
Kikubaaqudgha
Makhleb
Nemelex Xobeh
Okawaru
Qazlal
Ru
Sif Muna
Trog
Vehumet
Wu Jian
Xom
Yredelemnul
The Shining One

Annotations:
D:5 1 runed translucent door, SexyEnough's ghost, amateur GnCK
D:8 2 transporters
D:12 1 runed translucent door, juan097's ghost, journeyman MiFi


Innate Abilities, Weirdness & Mutations

You have very sharp teeth.
Your uncanny sense of smell can sniff out nearby items.
Your experience applies equally to all skills.


Message History

Casting: Magic Dart (safe; 1% risk of failure)
Confirm with . or Enter, or press ? or * to list all spells.
You begin to radiate toxic energy.
The ufetubus shouts!
The ufetubus is poisoned.
You block the ice devil's attack. The ice devil closely misses you.
The ice statue gestures at you. The shard of ice hits you!
The ice devil attacks as you move away! You block the ice devil's attack.
You kill the ufetubus!
The ice devil attacks as you move away!
The ice devil hits you but does no damage.
The ice devil attacks as you move away! The ice devil hits you!
The ice devil freezes you!! The ice devil attacks as you move away!
The ice devil hits you. The ice devil freezes you!!
Your toxic aura wanes.
The ice devil attacks as you move away! You block the ice devil's attack.
The ice devil attacks as you move away! The ice devil barely misses you.
The ice devil attacks as you move away! The ice devil hits you!
The ice devil freezes you!
There is an ice covered gate leading back out of this place here.
The ice devil hits you but does no damage. x2
Welcome back to the Lair of Beasts!
There is a collapsed entrance here.
You feel much better. The ice devil misses you. The ice devil hits you!
The ice devil freezes you!
You feel very mighty all of a sudden. The ice devil misses you.
The ice devil hits you! The ice devil freezes you!!
* * * LOW HITPOINT WARNING * * *
You hit the ice devil.
The ice devil is lightly wounded.
You hit the ice devil but do no damage. You hit the ice devil.
You bite the ice devil, but do no damage.
The ice devil is moderately wounded.
You hit the ice devil. The ice devil hits you!
* * * LOW HITPOINT WARNING * * *
The ice devil freezes you!
You die...

*,.............) ,***
..........".. , * ,,,
*,............# , ,*
, , *,............#~
, ** * ............#~
∆ * , * **, *
............#~ ,>, ~*
*
,,,.......#....#~~,,,
~ , ,
,......#.#...#*~
~~~** , ,
....#.@4#.## *~ *, ,,
, ,......#4#..# * , ,
,.......#...# *,*,,,
, ...........# * * ,,
,...........####. , ,
,
,.................,,
,, , ,
,.................**
,
,.........###....P,*,
, , , **
P.......§<†.....P ,*


You could see 2 ice devils.

Vanquished Creatures
  Harold (D:11)
  3 two-headed ogres
  3 boulder beetles
  An ugly thing (D:12)
  3 cyclopes
  4 manticores
  2 gargoyles (D:12)
  5 unseen horrors (D:11)
  7 komodo dragons (Lair:1)
  3 trolls
  Grinder (D:3)
  Sigmund (D:2)
  11 slime creatures (D:12)
  A shadow (D:11)
  2 wraiths
  A wyvern (D:10)
  A basilisk (D:12)
  A fire elemental (Lair:2)
  10 yaks
  7 vampire mosquitoes (D:12)
  3 acid dragons
  A warg (D:12)
  3 black bears
  4 orc warriors
  A sky beast (D:7)
  2 ogres (D:5)
  5 wolves (Lair:2)
  3 centaurs
  2 phantoms
  4 kobold brigands
  4 bullfrogs
  A gnoll sergeant (D:8)
  A two-headed ogre simulacrum (IceCv)
  4 scorpions
  8 wights
  14 killer bees
  9 howler monkeys
  An electric eel (Lair:1)
  A lava snake (Lair:2)
  7 orc priests
  4 hounds
  A jelly (D:8)
  A gnoll bouda (D:6)
  Jessica (D:2)
  A sleepcap (D:8)
  Terence (D:2)
  15 iguanas
  11 orc wizards
  A troll simulacrum (IceCv)
  17 gnolls
  6 adders
  A shadow imp (D:6)
  2 white imps (D:5)
  3 ufetubi
  2 worms
  2 dart slugs
  20 orcs
  8 ball pythons
  5 bats
  7 endoplasms
  A giant cockroach (D:1)
  6 goblins
  5 hobgoblins
  4 quokkas
  20 frilled lizards
  22 kobolds
  6 rats
  A butterfly (Lair:1)
320 creatures vanquished.

Vanquished Creatures (others)
  A swamp drake (Lair:1)
1 creature vanquished.

Grand Total: 321 creatures vanquished

Notes
Turn   | Place    | Note
-------+----------+-------------------------------------------
     0 | D:1      | AlmostDecent the Gnoll Reaver began the quest for the Orb.
     0 | D:1      | Reached XP level 1. HP: 20/20 MP: 6/6
     9 | D:1      | Learned a level 1 spell: Magic Dart
   192 | D:1      | Reached XP level 2. HP: 26/26 MP: 1/7
   744 | D:1      | Reached skill level 5 in Spellcasting
   744 | D:1      | Reached XP level 3. HP: 31/31 MP: 6/9
   832 | D:1      | Reached skill level 1 in Invocations
  1234 | D:2      | Reached skill level 1 in Short Blades
  1234 | D:2      | Reached skill level 1 in Long Blades
  1234 | D:2      | Reached skill level 1 in Maces & Flails
  1234 | D:2      | Reached skill level 1 in Polearms
  1234 | D:2      | Reached skill level 1 in Staves
  1234 | D:2      | Reached skill level 1 in Ranged Weapons
  1234 | D:2      | Reached skill level 1 in Throwing
  1234 | D:2      | Reached skill level 1 in Armour
  1234 | D:2      | Reached skill level 1 in Stealth
  1234 | D:2      | Reached skill level 1 in Shields
  1234 | D:2      | Reached skill level 1 in Unarmed Combat
  1234 | D:2      | Reached skill level 1 in Evocations
  1331 | D:2      | Noticed Sigmund
  1444 | D:2      | Noticed Jessica
  1448 | D:2      | Killed Jessica
  1449 | D:2      | Reached XP level 4. HP: 38/38 MP: 6/11
  1514 | D:2      | Noticed Terence
  1525 | D:2      | Killed Terence
  1526 | D:2      | Reached skill level 1 in Hexes
  1526 | D:2      | Reached skill level 1 in Summonings
  1526 | D:2      | Reached skill level 1 in Necromancy
  1526 | D:2      | Reached skill level 1 in Translocations
  1526 | D:2      | Reached skill level 1 in Transmutations
  1526 | D:2      | Reached skill level 1 in Fire Magic
  1526 | D:2      | Reached skill level 1 in Ice Magic
  1526 | D:2      | Reached skill level 1 in Air Magic
  1526 | D:2      | Reached skill level 1 in Earth Magic
  1526 | D:2      | Reached skill level 1 in Poison Magic
  1731 | D:2      | Killed Sigmund
  1732 | D:2      | Reached skill level 5 in Fighting
  1732 | D:2      | Reached skill level 5 in Dodging
  1732 | D:2      | Reached XP level 5. HP: 42/44 MP: 2/12
  1732 | D:2      | Reached XP level 6. HP: 48/51 MP: 2/14
  2154 | D:2      | Learned a level 2 spell: Momentum Strike
  2158 | D:2      | Learned a level 3 spell: Hailstorm
  2372 | D:3      | Identified the +8 hand axe of Gluttony {drain, Int+3}
  2431 | D:3      | Noticed Grinder
  2439 | D:3      | Killed Grinder
  2440 | D:3      | Reached skill level 7 in Axes
  2440 | D:3      | Reached XP level 7. HP: 19/56 MP: 12/15
  2734 | D:3      | Found a faded altar of an unknown god.
  4130 | D:4      | Found a stormy altar of Qazlal.
  4132 | D:4      | Noticed an air elemental
  4132 | D:4      | Noticed a water elemental
  4133 | D:4      | Noticed a fire elemental
  4508 | D:5      | Entered Level 5 of the Dungeon
  4557 | D:5      | Reached XP level 8. HP: 26/63 MP: 5/16
  4792 | D:5      | Found a staircase to the Ecumenical Temple.
  4821 | Temple   | Entered the Ecumenical Temple
  4865 | Temple   | Became a worshipper of Ashenzari the Shackled
  5020 | D:5      | Learned a level 3 spell: Summon Guardian Golem
  5625 | D:5      | Found a white marble altar of Elyvilon.
  5671 | D:5      | Found a runed translucent door.
  5672 | D:5      | Noticed SexyEnough's ghost (amateur GnCK)
  6416 | D:6      | You fall into a shaft and drop 3 floors!
  6458 | D:8      | Noticed a two-headed ogre
  6483 | D:8      | Noticed a wyvern
  6737 | D:6      | Reached XP level 9. HP: 71/71 MP: 12/19
  6875 | D:6      | Reached * piety under Ashenzari
  7707 | D:7      | Reached ** piety under Ashenzari
  7718 | D:7      | Reached skill level 8 in Axes
  8206 | D:8      | Reached skill level 5 in Invocations
  8482 | D:8      | Identified a scroll of acquirement
  8561 | D:8      | Found a transporter.
  8567 | D:8      | Found a transporter.
  8567 | D:8      | Found a transporter.
  8567 | D:8      | Found a transporter.
  8798 | D:9      | Noticed a cyclops
  8809 | D:9      | Killed a cyclops
  8965 | D:9      | Reached *** piety under Ashenzari
  9292 | D:9      | Reached skill level 5 in Short Blades
  9292 | D:9      | Reached skill level 5 in Long Blades
  9292 | D:9      | Reached skill level 5 in Maces & Flails
  9292 | D:9      | Reached skill level 5 in Polearms
  9292 | D:9      | Reached skill level 5 in Staves
  9292 | D:9      | Reached skill level 5 in Ranged Weapons
  9292 | D:9      | Reached skill level 5 in Throwing
  9292 | D:9      | Reached skill level 5 in Armour
  9292 | D:9      | Reached skill level 5 in Stealth
  9292 | D:9      | Reached skill level 5 in Shields
  9292 | D:9      | Reached skill level 5 in Unarmed Combat
  9292 | D:9      | Reached skill level 5 in Evocations
  9292 | D:9      | Reached XP level 10. HP: 34/85 MP: 10/24
  9857 | D:10     | Entered Level 10 of the Dungeon
 10163 | D:10     | Found a large runed translucent door.
 10170 | D:10     | Found a large runed translucent door.
 10651 | D:10     | Reached **** piety under Ashenzari
 10981 | D:10     | Found a radiant altar of Vehumet.
 10991 | D:10     | Found a snail-covered altar of Cheibriados.
 11036 | D:11     | Noticed a manticore
 11042 | D:11     | Killed a manticore
 11085 | D:11     | Noticed a two-headed ogre
 11091 | D:11     | Killed a two-headed ogre
 11092 | D:11     | Reached skill level 9 in Axes
 11160 | D:11     | Noticed an unseen horror
 11175 | D:11     | Killed an unseen horror
 11176 | D:11     | Reached skill level 5 in Hexes
 11176 | D:11     | Reached skill level 5 in Summonings
 11176 | D:11     | Reached skill level 5 in Necromancy
 11176 | D:11     | Reached skill level 5 in Translocations
 11176 | D:11     | Reached skill level 5 in Transmutations
 11176 | D:11     | Reached skill level 5 in Fire Magic
 11176 | D:11     | Reached skill level 5 in Ice Magic
 11176 | D:11     | Reached skill level 5 in Air Magic
 11176 | D:11     | Reached skill level 5 in Earth Magic
 11176 | D:11     | Reached skill level 5 in Poison Magic
 11176 | D:11     | Reached XP level 11. HP: 62/93 MP: 22/26
 11392 | D:11     | Acquired the +2 kite shield "Akiete" {MP+9 Int+3}
 11513 | D:11     | Learned a level 3 spell: Mephitic Cloud
 11549 | D:11     | Found a staircase to the Lair.
 11605 | D:11     | Noticed a manticore
 11679 | D:11     | Killed a manticore
 11684 | D:11     | Noticed a boulder beetle
 11752 | D:11     | Killed a boulder beetle
 11796 | D:11     | Noticed a manticore
 11820 | D:11     | Noticed a cyclops
 11826 | D:11     | Killed a manticore
 11830 | D:11     | Killed a cyclops
 11846 | D:11     | Noticed a two-headed ogre
 11856 | D:11     | Killed a two-headed ogre
 11875 | D:11     | Noticed a boulder beetle
 11879 | D:11     | Noticed a cyclops
 11896 | D:11     | Killed a boulder beetle
 11907 | D:11     | Killed a cyclops
 12155 | D:11     | Noticed Harold
 12173 | D:11     | Killed Harold
 12174 | D:11     | Reached XP level 12. HP: 99/99 MP: 27/27
 12312 | D:12     | Noticed a boulder beetle
 12342 | D:12     | Killed a boulder beetle
 12397 | D:12     | Reached skill level 10 in Axes
 12811 | D:12     | Found a staircase to the Orcish Mines.
 12842 | D:12     | Noticed a two-headed ogre
 12847 | D:12     | Killed a two-headed ogre
 12928 | D:12     | Found a runed translucent door.
 12929 | D:12     | Found a shimmering altar of Xom.
 12929 | D:12     | Noticed juan097's ghost (journeyman MiFi)
 13104 | Lair:1   | Entered Level 1 of the Lair of Beasts
 14058 | Lair:1   | Found a burning altar of Makhleb.
 14115 | Lair:2   | Reached XP level 13. HP: 90/111 MP: 30/30
 14122 | Lair:2   | Found a frozen archway.
 14135 | IceCv    | Entered an ice cave
 14159 | IceCv    | Learned a level 4 spell: Olgreb's Toxic Radiance
 14182 | Lair:2   | Slain by an ice devil

Illustrated notes

Levels and vault maps discovered:
D:1:      minmay_arrival_split_and_join, layout_basic, minmay_nonomino_d4
D:2:      layout_loops_ring, uniq_terence, uniq_jessica, uniq_sigmund
D:3:      layout_basic, chequers_ecumenical_altar_island, minmay_quantized,
          uniq_grinder
D:4:      minmay_general_purpose_star, layout_basic,
          nicolae_qazlal_style_of_elements
D:5:      layout_basic, kennysheep_mini, temple_pool_b, gammafunk_ghost_grave,
          kennysheep_generic_room_7
D:6:      layout_loops_ring
D:7:      layout_gridville, abandoned_shop
D:8:      layout_cave_pools, minmay_misc_feat_iff, nicolae_diode_intersection
D:9:      layout_roguey
D:10:     layout_loops_corners, jmf_multi_god_temple2, blue_anna_alchemist
D:11:     minmay_bubble_buster, layout_loops_ring,
          grunt_lair_entry_orc_guard_hut, uniq_harold
D:12:     layout_cave_pools, david_orc_3, ebering_ghost_xom
Temple:   nicolae_temple_bog_church
Lair:1:   lemuel_reptile_caves, layout_cave_pods, basic_altar,
          lemuel_fruit_fields
Lair:2:   layout_gridlike, minmay_shoals_entry_hut,
          nicolae_snake_entry_warm_welcome, basic_altar,
          portal_ice_cave_entry_pillars_2

Skill      XL: |  1  2  3  4  5  6  7  8  9 10 11 12 |
---------------+-------------------------------------+-----
Spellcasting   | 5 6 7 8 9 |  9.6
Invocations    | 1 2 3 4 5 6 7 8 |  8.9
Short Blades   | 1 2 3 5 6 7 8 |  8.1
Long Blades    | 1 2 3 5 6 7 8 |  8.1
Maces & Flails | 1 2 3 5 6 7 8 |  8.1
Polearms       | 1 2 3 5 6 7 8 |  8.1
Staves         | 1 2 3 5 6 7 8 |  8.1
Ranged Weapons | 1 2 3 5 6 7 8 |  8.1
Throwing       | 1 2 3 5 6 7 8 |  8.1
Armour         | 1 2 3 5 6 7 8 |  8.1
Stealth        | 1 2 3 5 6 7 8 |  8.1
Shields        | 1 2 3 5 6 7 8 |  8.1
Unarmed Combat | 1 2 3 5 6 7 8 |  8.1
Evocations     | 1 2 3 5 6 7 8 |  8.1
Hexes          | 1 2 3 4 5 6 |  6.7
Summonings     | 1 2 3 4 5 6 |  6.7
Necromancy     | 1 2 3 4 5 6 |  6.7
Translocations | 1 2 3 4 5 6 |  6.7
Transmutations | 1 2 3 4 5 6 |  6.7
Fire Magic     | 1 2 3 4 5 6 |  6.7
Ice Magic      | 1 2 3 4 5 6 |  6.7
Air Magic      | 1 2 3 4 5 6 |  6.7
Earth Magic    | 1 2 3 4 5 6 |  6.7
Poison Magic   | 1 2 3 4 5 6 |  6.7
Fighting       | 5 6 7 8 9 |  9.4
Dodging        | 5 6 7 8 9 |  9.4
Axes           | 7 8 9 10 | 10.5
Conjurations   | 6 7 8 |  8.8

Action                     |  1- 3 |  4- 6 |  7- 9 | 10-12 | 13-15 || total
---------------------------+-------+-------+-------+-------+-------++-------
  Melee: Hand axe          |    18 |     6 |    85 |   403 |    14 ||   526
         Bite              |     2 |     1 |     8 |    70 |     2 ||    83
         Punch             |     1 |       |       |       |       ||     1
   Cast: Magic Dart        |    64 |    41 |   359 |   360 |     6 ||   830
         Momentum Strike   |       |     1 |     3 |     7 |       ||    11
         Hailstorm         |       |       |     5 |    44 |       ||    49
         Summon Guardian G |       |       |     1 |       |       ||     1
         Mephitic Cloud    |       |       |       |     2 |       ||     2
         Olgreb's Toxic Ra |       |       |       |       |     1 ||     1
 Invoke: Curse Item        |       |       |     5 |     3 |       ||     8
         Shatter the Chain |       |       |       |     1 |       ||     1
    Use: Scroll            |       |     7 |    11 |     4 |       ||    22
         Potion            |       |       |       |     2 |     2 ||     4
   Stab: Sleeping          |       |       |     1 |       |       ||     1
         Confused          |       |       |       |     1 |       ||     1
 Armour: Leather armour    |     7 |       |    62 |    17 |       ||    86
         Troll leather arm |       |       |       |    78 |     7 ||    85
  Dodge: Dodged            |    17 |     1 |   144 |   225 |     7 ||   394
  Block: Buckler           |     3 |     1 |    46 |    29 |       ||    79
         Kite shield       |       |       |       |   211 |     9 ||   220
